 Dungeon Crawl Stone Soup version 0.30.0-15-g856e2d3f33 (webtiles) character file.

Game seed: 13135617658741599717

2 croobank the Sneak (level 1, 0/20 HPs)
             Began as a Minotaur Delver on May 18, 2023.
             Slain by a scorpion (8 damage)
             ... on level 5 of the Dungeon.
             The game lasted 00:02:25 (373 turns).

croobank the Sneak (Minotaur Delver)                 Turns: 373, Time: 00:02:25

Health: 0/20       AC:  1    Str: 16    XL:     1   Next: 33%
Magic:  0/0        EV: 11    Int:  7    God:
Gold:   19         SH:  0    Dex: 11    Spells: 0/0 levels left

rFire   . . .        a - +0 war axe
rCold   . . .        (no shield)
rNeg    . . .        c - +0 ring mail
rPois   .            (helmet restricted)
rElec   .            (no cloak)
rCorr   .            (no gloves)
SInv    .            (no boots)
Will    .....        (no amulet)
Stlth   ++           (no ring)
HPRegen 0.23/turn    (no ring)
MPRegen 0.07/turn

%: no passive effects
@: corroded
A: horns 2, retaliatory headbutt
a: no special abilities


You were on level 5 of the Dungeon.
You visited 2 branches of the dungeon, and saw 3 of its levels.

You collected 19 gold pieces.

Inventory:

Hand Weapons
 a - a +0 war axe (weapon)
Armour
 b - a +0 pair of gloves
 c - a +0 ring mail (worn)
Wands
 g - a wand of digging (3)
Scrolls
 d - a scroll of magic mapping
 i - a scroll of fog


   Skills:
 + Level 3.6 Fighting
 * Level 2.5 Axes
 * Level 0.4 Armour
 + Level 2.2 Dodging
 - Level 4.1 Stealth


You couldn't memorise any spells.
You didn't know any spells.
Your spell library was empty.

Dungeon Overview and Level Annotations

Branches:
Dungeon (6/15)             Temple (1/1) D:5

Altars:
Cheibriados
Elyvilon
Kikubaaqudgha
Makhleb
Nemelex Xobeh
Ru
Sif Muna
Vehumet
Wu Jian
Xom
Yredelemnul
The Shining One


Innate Abilities, Weirdness & Mutations

You have a pair of horns on your head.
You reflexively headbutt those who attack you in melee.


Message History

You see here 9 gold pieces.
Found a cabochon ring.
You see here a +0 pair of gloves.
b - a +0 pair of gloves The jelly barely misses you.
The ogre hits something with a +0 giant club!
The jelly attacks as you move away! The jelly hits you but does no damage.
Something releases spores at the plant!
The plant begins to die.
The jelly attacks as you move away! The jelly barely misses you.
You see here a ring of fire.
You aren't carrying any potions.
Okay, then.
The jelly attacks as you move away! The jelly closely misses you.
Found a metallic emerald potion.
The jelly attacks as you move away! The jelly closely misses you.
The jelly attacks as you move away! The jelly hits you but does no damage.
An adder comes into view.
The jelly attacks as you move away! The jelly hits you but does no damage.
Found a short sword.
A jelly and a shadow imp come into view.
The shadow imp shouts!
The jelly attacks as you move away! The jelly barely misses you.
Found 18 gold pieces.
The shadow imp shouts, "Back with thee, thou simpering sheep-biting boar-pig!"
The shadow imp gestures at you.
You barely resist. The jelly attacks as you move away!
The jelly hits you but does no damage.
An iguana comes into view.
The jelly attacks as you move away! The jelly hits you. The acid corrodes you!
You are splashed with acid.
Found 20 gold pieces.
The iguana hisses angrily.
A quokka comes into view.
Found 10 gold pieces.
The quokka moves out of view.
Okay, then.
The shadow imp attacks as you move away!
The shadow imp hits you.
You see here 18 gold pieces.
The shadow imp attacks as you move away!
The shadow imp hits you. The scorpion stings you!
You die...

........... ###
..#...#.......#.. ##..
#.#<............##
##..###...#.............
...........$...........#
.....##...............##
........#.###...........
........................
....[..##..##..s@...#
...........##...$lr.# #
...............J5...###..#
....#..#.#...#..J......$.#
....#....#.#.......)####.$
#####.#......#.........#
...##...#.##.......###.###
......#(..###..##.........
......#.#####..##.......#.


You could see a scorpion, an iguana, 2 jellies, a shadow imp and a quokka.

Vanquished Creatures
  2 jackals (D:5)
2 creatures vanquished.

Notes
Turn   | Place    | Note
-------+----------+-------------------------------------------
     0 | D:5      | croobank the Minotaur Delver began the quest for the Orb.
     0 | D:5      | Reached XP level 1. HP: 19/19 MP: 0/0
    27 | D:5      | Noticed a scorpion
    27 | D:5      | Noticed a sleepcap
    27 | D:5      | Noticed an ogre
    43 | D:6      | Noticed a hound
    45 | D:6      | Noticed a black bear
    58 | D:5      | Noticed a jelly
    65 | D:5      | Found a staircase to the Ecumenical Temple.
    74 | Temple   | Entered the Ecumenical Temple
   363 | D:5      | Noticed a jelly
   368 | D:5      | Noticed an iguana
   373 | D:5      | Slain by a scorpion

Illustrated notes

Levels and vault maps discovered:
D:5:      layout_rooms, mainiacjoe_overflow_24_doors,
          minmay_temple_entry_gardened_gates, grunt_ministairs_5
D:6:      layout_basic, ebering_ghost_sewer_d, uniq_pikel, uniq_prince_ribbit1
Temple:   hc_temple_tempest_star

Action                     || total
---------------------------++-------
  Melee: War axe           ||     5
         Headbutt          ||     1
    Use: Scroll            ||     1
         Potion            ||     1
 Armour: Ring mail         ||    10
  Dodge: Dodged            ||    22
